 Dungeon Crawl Stone Soup version 0.30.1-11-g7821555f0a (webtiles) character file.

Game seed: 6395053937323418122

22 Ijustatesigmund the Digger (level 2, -1/16 HPs)
             Began as a Gargoyle Earth Elementalist on Nov 15, 2023.
             Killed from afar by Terence (8 damage)
             ... with a bolt of light
             ... on level 2 of the Dungeon.
             The game lasted 00:01:52 (970 turns).

Ijustatesigmund the Digger (GrEE)                    Turns: 970, Time: 00:01:53

Health: -1/16      AC:  4    Str: 11    XL:     2   Next: 91%
Magic:  0/5        EV: 11    Int: 15    God:
Gold:   51         SH:  0    Dex: 10    Spells: 4/5 levels left

rFire   . . .        h - +0 quarterstaff
rCold   . . .        (shield currently unavailable)
rNeg    + . .        a - +0 robe
rPois   ∞            (no helmet)
rElec   +            (no cloak)
rCorr   .            (no gloves)
SInv    .            (no boots)
Will    .....        (no amulet)
Stlth   ++           (no ring)
HPRegen 0.22/turn    (no ring)
MPRegen 0.09/turn

%: no passive effects
@: no status effects
A: sickness immunity, AC +2, negative energy resistance 1, electricity
resistance, torment resistance 1, petrification resistance
a: no special abilities


You were on level 2 of the Dungeon.
You visited 1 branch of the dungeon, and saw 2 of its levels.

You collected 51 gold pieces.

Inventory:

Hand Weapons
 e - a +0 club
 h - a +0 quarterstaff (weapon)
Armour
 a - a +0 robe (worn)
Scrolls
 d - a scroll of noise {unknown}
 f - 2 scrolls of identify {unknown}
 g - a scroll of silence {unknown}
Potions
 b - a potion of magic
 c - a potion of degeneration {unknown}


   Skills:
 + Level 1.3 Fighting
 - Level 1.5 Dodging
 - Level 2.1 Stealth
 + Level 2.3 Spellcasting
 - Level 0.7 Transmutations
 + Level 4.1 Earth Magic


You had 4 spell levels left.
You knew the following spells:

 Your Spells              Type           Power      Damage    Failure   Level
a - Sandblast             Erth           28%        2d8       4%          1

Your spell library contained the following spells:

 Spells                   Type           Power      Damage    Failure   Level
 Passwall                 Tmut/Erth      7%         N/A       12%         2
 Stone Arrow              Conj/Erth      14%        3d7       28%         3
 Petrify                  Tmut/Erth      9%         N/A       61%         4


Dungeon Overview and Level Annotations

Branches:
Dungeon (2/15)

Altars:

Shops:
D:1 ?

Annotations:
D:2 Terence


Innate Abilities, Weirdness & Mutations

You are immune to sickness and miasma.
Your stone body is resilient. (AC +2)
You are immune to poison.
You resist negative energy. (rN+)
You are resistant to electric shocks. (rElec)
You are resistant to unholy torment.
You are immune to petrification.


Message History

The blast of sand hits Terence.
Terence is moderately wounded.
Casting: Sandblast (safe; 4% risk of failure)
Confirm with . or Enter, or press ? or * to list all spells.
Aiming: Sandblast (safe; 4% risk of failure)
Press: ? - help, Shift-Dir - straight line, f/p - Terence
Aim: Terence, wielding a +0 hand axe, wearing a +0 ring mail and carrying a wand of light (9) (moderately wounded, 84% to hit)
The blast of sand hits Terence.
Terence is heavily wounded.
Casting: Sandblast (safe; 4% risk of failure)
Confirm with . or Enter, or press ? or * to list all spells.
Aiming: Sandblast (safe; 4% risk of failure)
Press: ? - help, Shift-Dir - straight line, f/p - Terence
Aim: Terence, wielding a +0 hand axe, wearing a +0 ring mail and carrying a wand of light (9) (heavily wounded, 84% to hit)
The blast of sand hits Terence.
Terence is severely wounded.
Terence closely misses you.
Casting: Sandblast (safe; 4% risk of failure)
Confirm with . or Enter, or press ? or * to list all spells.
Aiming: Sandblast (safe; 4% risk of failure)
Press: ? - help, Shift-Dir - straight line, f/p - Terence
Aim: Terence, wielding a +0 hand axe, wearing a +0 ring mail and carrying a wand of light (9) (severely wounded, 84% to hit)
The blast of sand hits Terence but does no damage.
Terence is severely wounded.
Terence zaps a wand.
The bolt of light misses you. Terence barely misses you.
Casting: Sandblast (safe; 4% risk of failure)
Confirm with . or Enter, or press ? or * to list all spells.
Aiming: Sandblast (safe; 4% risk of failure)
Press: ? - help, Shift-Dir - straight line, f/p - Terence
Aim: Terence, wielding a +0 hand axe, wearing a +0 ring mail and carrying a wand of light (8) (severely wounded, 84% to hit)
The blast of sand hits Terence.
Terence is severely wounded.
Terence hits you with a +0 hand axe.
Okay, then.
You hit Terence.
Terence is almost dead.
Terence hits you with a +0 hand axe.
Terence zaps a wand.
The bolt of light hits you!
Ouch! That really hurt!
You die...

.#################.####.@....
. ..# g.............##!.@...
.... ......#.......#......
..#. .#..................@
... #+#........#.#.#......
.....).....#...#)....>
...#+#.†.......# ..
#@#.......+ . #@##...)..#
#.........# #########.# .# ..
... ..


You could see Terence.

Vanquished Creatures
  4 endoplasms
  A giant cockroach (D:1)
  5 goblins
  2 hobgoblins (D:2)
  A quokka (D:2)
  A frilled lizard (D:1)
  2 kobolds
  4 rats
20 creatures vanquished.

Notes
Turn   | Place    | Note
-------+----------+-------------------------------------------
     0 | D:1      | Ijustatesigmund the Gargoyle Earth Elementalist began the
                  | quest for the Orb.
     0 | D:1      | Reached XP level 1. HP: 10/10 MP: 3/3
   324 | D:1      | Reached XP level 2. HP: 16/16 MP: 3/5
   382 | D:1      | Found Baar's Magic Scroll Emporium.
   450 | D:1      | Reached skill level 1 in Fighting
   503 | D:1      | Reached skill level 4 in Earth Magic
   846 | D:2      | Noticed Terence
   970 | D:2      | Killed from afar by Terence

Illustrated notes

Levels and vault maps discovered:
D:1:      lightli_arrival_boilingwater, layout_loops_cross, serial_shops, shop
D:2:      layout_basic, chequers_serial_rivers_micro_b, uniq_terence,
          uniq_crazy_yiuf_cottage

Skill      XL: |  1  2 |
---------------+-------+-----
Fighting       | 1 |  1.3
Earth Magic    | 4 |  4.1
Dodging        | |  1.5
Stealth        | |  2.1
Spellcasting   | |  2.3
Transmutations | |  0.7

Action                     || total
---------------------------++-------
  Melee: Unarmed           ||     2
         Quarterstaff      ||     9
   Cast: Sandblast         ||    34
 Armour: Robe              ||     6
  Dodge: Dodged            ||    15
